General information
			
			
        
        - name: grudge1
 
        - type: Ladder 1vs1/FFA
 
        - host: NADMaN
 
        - saver: iggy_the_fisk
 
        
map: TirisfalGlades 
        - players: 12
 
        - length: 16:11
 
        - speed: Fast
 - version: 1.22 W3XP
 - replay type:  

 
» download(126 KB)
Players
        team 1 (winner) 
              
              
» 
NADMaN (
orange | 190 APM | 3078 actions | 16:10)
              
 4 Death Knight 
 2 Death Coil
 2 Unholy Aura
 4 Lich 
 2 Frost Nova
 2 Dark Ritual
 
                » actions 
                
                | Assign group hotkey | 11 |  | 
| Basic commands | 86 |  | 
| Build / train | 47 |  | 
| ESC pressed | 1 |  | 
| Enter build submenu | 16 |  | 
| Enter hero's abilities submenu | 9 |  | 
| Give item / drop item | 7 |  | 
| Right click | 1347 |  | 
| Select / deselect | 308 |  | 
| Select group hotkey | 1137 |  | 
| Use ability | 109 |  | 
                3078 total
 » units 
                
                | Acolyte | 3 |  | 
| Ghoul | 6 |  | 
| Obsidian Statue | 7 |  | 
                16 total
 » upgrades
                
                | Destroyer Form | 1 |  | 
| Creature Attack | 3 |  | 
| Creature Carapace | 2 |  | 
| Ghoul Frenzy | 1 |  | 
                7 total
 » buildings
                
                | Crypt | 1 |  | 
| Altar of Darkness | 1 |  | 
| Ziggurat | 6 |  | 
| Tomb of Relics | 1 |  | 
| Halls of the Dead | 2 |  | 
| Graveyard | 1 |  | 
| Black Citadel | 2 |  | 
| Slaughterhouse | 2 |  | 
                16 total
 » build order
                00:05 Crypt
00:10 Altar of Darkness
00:23 Ziggurat
00:55 Ziggurat
00:57 Ziggurat
01:20 Tomb of Relics
02:43 Halls of the Dead
02:43 Halls of the Dead
03:48 Graveyard
05:12 Black Citadel
05:12 Black Citadel
05:14 Slaughterhouse
05:49 Slaughterhouse
06:33 Ziggurat
08:20 Ziggurat
10:02 Ziggurat
» items
                
                | Rod of Necromancy | 3 |  | 
| Potion of Healing | 2 |  | 
| Scroll of Town Portal | 2 |  | 
                7 total
  
               team 2 (loser) 
              
              
» 
Mata. (
green | 187 APM | 3030 actions | 16:10)
              
 3 Archmage 
 2 Summon Water Elemental
 1 Brilliance Aura
 2 Mountain King 
 1 Storm Bolt
 1 Bash
 
                » actions 
                
                | Assign group hotkey | 300 |  | 
| Basic commands | 11 |  | 
| Build / train | 96 |  | 
| Enter build submenu | 20 |  | 
| Enter hero's abilities submenu | 5 |  | 
| Give item / drop item | 1 |  | 
| Remove unit from queue | 2 |  | 
| Right click | 1627 |  | 
| Select / deselect | 557 |  | 
| Select group hotkey | 244 |  | 
| Use ability | 167 |  | 
                3030 total
 » units 
                
                | Peasant | 41 |  | 
| Footman | 10 |  | 
| Murloc Huntsman | 2 |  | 
| Kobold | 1 |  | 
| Rifleman | 12 |  | 
                66 total
 » upgrades
                » buildings
                
                | Altar of Kings | 1 |  | 
| Barracks | 2 |  | 
| Farm | 7 |  | 
| Arcane Vault | 1 |  | 
| Scout Tower | 2 |  | 
| Town Hall | 1 |  | 
| Arcane Tower | 6 |  | 
| Keep | 1 |  | 
| Blacksmith | 1 |  | 
| Workshop | 1 |  | 
                23 total
 » build order
                00:04 Altar of Kings
00:17 Barracks
00:33 Farm
01:03 Farm
01:33 Farm
02:47 Arcane Vault
03:26 Scout Tower
03:50 Town Hall
04:22 Arcane Tower
04:22 Arcane Tower
06:34 Keep
06:36 Scout Tower
07:06 Arcane Tower
07:06 Arcane Tower
07:06 Arcane Tower
09:56 Blacksmith
10:24 Barracks
12:53 Farm
13:01 Farm
13:02 Farm
13:29 Farm
14:45 Workshop
» items
                
                | Scroll of Regeneration | 3 |  | 
| Scroll of Town Portal | 1 |  | 
| Potion of Healing | 2 |  | 
| Potion of Mana | 1 |  | 
                7 total
  
               observersBashez, 
snarker, 
Gobiner, 
dotCommunism, 
drunkenbuddha, 
blinn, 
stiknork, 
TIMG4STRok, 
iggy_the_fisk, 
BEAR_AND Chat log
          (00:08 / Observers) Gobiner: dotCommunism more like dotOrganism
(00:09 / All) Mata.: gl hf
(00:17 / All) NADMaN: gl hf
(00:19 / All) NADMaN: eta
(01:08 / Observers) Gobiner: what was the result of the past game?
(01:13 / Observers) BEAR_AND: this g1
(01:23 / Observers) Gobiner: didn't blinn talk about previous matches
(01:29 / Observers) Gobiner: o
(01:33 / Observers) drunkenbuddha: diff ppl
(01:48 / Observers) Bashez: can mata and nadman hear?
(01:51 / Observers) Gobiner: no
(02:06 / Observers) BEAR_AND: well it would be fair
(02:22 / Observers) drunkenbuddha: selling singhacks 30USD
(02:23 / Observers) BEAR_AND: just patrolling waiting for skel rod
(02:38 / Observers) iggy_the_fisk: good luck with purge and ls
(02:41 / Observers) BEAR_AND: that's a little tough for 4 milit 2 foot
(02:43 / Observers) iggy_the_fisk: purge is good
(02:50 / Observers) BEAR_AND: -1 mil
(03:12 / Observers) BEAR_AND: wow item
(03:13 / Observers) drunkenbuddha: item spotted
(03:15 / Observers) Gobiner: owned
(03:18 / Observers) iggy_the_fisk: a fantastic item to boot
(03:21 / Observers) BEAR_AND: that's a sick dk item
(03:24 / Observers) BEAR_AND: ENERGY
(03:33 / Observers) iggy_the_fisk: make worker
(03:40 / Observers) BEAR_AND: coils & spoils
(03:52 / Observers) Gobiner: 0 coils cast this game
(04:06 / Observers) BEAR_AND: late Yard
(04:36 / Observers) Gobiner: hahaha
(04:39 / Observers) BEAR_AND: mana burning a hole in his pocket
(04:48 / Observers) Gobiner: westonb says someone vent comment is "can you play santeria by sublime?"
(04:53 / Observers) snarker: ahah
(05:15 / Observers) drunkenbuddha: i disagree
(05:20 / Observers) BEAR_AND: camo
(05:28 / Observers) BEAR_AND: orange tree orange dee   (k)
(05:38 / Observers) BEAR_AND: woop you're stuck
(05:40 / Observers) iggy_the_fisk: trap that scruba
(05:42 / Observers) snarker: that was dumb
(05:55 / Observers) drunkenbuddha: blow tp why don't you
(06:27 / Observers) drunkenbuddha: damn
(06:37 / Observers) drunkenbuddha: thriller breakdown 
(06:44 / Observers) BEAR_AND: she???
(06:57 / Observers) snarker: its wearing a dress etc
(06:58 / Observers) BEAR_AND: ziggy stardust male
(07:03 / Observers) Gobiner: kilt
(07:16 / Observers) snarker: kilts arent that long
(07:28 / Observers) drunkenbuddha: it's a dress no question
(07:30 / Observers) BEAR_AND: nuke
(07:32 / Observers) BEAR_AND: his hero
(08:00 / Observers) snarker: look ma no units
(08:18 / Observers) BEAR_AND: 'fuck it mana's gone anyway lets rock'
(08:30 / Observers) TIMG4STRok: what a quick shower
(08:36 / Observers) TIMG4STRok: took only one third grunt of a dog hour
(09:13 / Observers) BEAR_AND: 3000 to be exafct
(09:14 / Observers) Gobiner: whoa
(09:26 / Observers) TIMG4STRok: no
(09:26 / Observers) Gobiner: needs some lum
(09:27 / Observers) TIMG4STRok: no sanctums
(09:28 / Observers) TIMG4STRok: gyro knight
(09:30 / Observers) drunkenbuddha: dhawks
(09:31 / Observers) TIMG4STRok: maybe priest idk
(09:42 / Observers) BEAR_AND: after he sacrifices all footmen
(09:44 / Observers) iggy_the_fisk: buy assassin
(09:45 / Observers) snarker: not against destros
(09:53 / Observers) TIMG4STRok: thats g
(09:59 / Observers) BEAR_AND: mata 
(10:00 / Observers) BEAR_AND: bought murloc
(10:05 / Observers) BEAR_AND: aheh
(10:07 / Observers) TIMG4STRok: for snare maybe
(10:08 / Observers) snarker: for the net
(10:14 / Observers) TIMG4STRok: its over
(10:33 / Observers) iggy_the_fisk: can host the g2 if there is one
(10:36 / Observers) iggy_the_fisk: for lag balance
(10:46 / Observers) BEAR_AND: mata should really
(10:47 / Observers) snarker: matas gonna need it~
(10:48 / Observers) BEAR_AND: and you g3
(10:55 / Observers) iggy_the_fisk: should but can he
(11:00 / Observers) BEAR_AND: i think
(11:02 / Observers) TIMG4STRok: dual rax
(11:04 / Observers) TIMG4STRok: rifles
(11:05 / Observers) TIMG4STRok: wow
(11:14 / Observers) snarker: aj might be interested in playing
(11:15 / Observers) iggy_the_fisk: that be a desperation unit
(11:15 / Observers) TIMG4STRok: it might
(11:38 / Observers) BEAR_AND: did he get pact or what
(11:45 / Observers) TIMG4STRok: yeah
(11:48 / Observers) TIMG4STRok: level 1 aura
(11:56 / Observers) BEAR_AND: or he was just slow upg. coil
(12:04 / Observers) TIMG4STRok: eat a fucken destro
(12:09 / Observers) TIMG4STRok: Nargggg
(12:15 / Observers) snarker: 0 wood
(12:18 / Observers) drunkenbuddha: spell immune can be eaten c/d
(12:19 / Observers) Gobiner: expo still up
(12:24 / Observers) BEAR_AND: ?
(12:36 / Observers) TIMG4STRok: eat that fucken w.ele
(12:43 / Observers) snarker: red dk is a sad dk =[
(12:49 / Observers) iggy_the_fisk: no not really
(12:50 / Observers) BEAR_AND: go chill @ fountain
(12:50 / Observers) TIMG4STRok: ;_;
(12:53 / Observers) BEAR_AND: all creeps rest their heads
(12:54 / Observers) iggy_the_fisk: he escapes just like any other dk
(12:56 / Observers) Gobiner: can you sit at fountains at night
(13:01 / Observers) TIMG4STRok: some
(13:01 / Observers) snarker: ofc
(13:03 / Observers) BEAR_AND: this map, yes
(13:10 / Observers) TIMG4STRok: why is he creeping
(13:14 / Observers) TIMG4STRok: hes already got 3/3
(13:17 / Observers) TIMG4STRok: push your avantage
(13:26 / Observers) snarker: i think all fountains at night are ok
(13:32 / Observers) snarker: cant think of one exception
(13:34 / Observers) BEAR_AND: hmmm in solo ladder yes
(13:46 / Observers) drunkenbuddha: fsa
(13:46 / Observers) TIMG4STRok: in 4s/3s there are im 100%
(13:52 / Observers) snarker: o i c
(13:54 / Observers) TIMG4STRok: no they dont
(13:55 / Observers) drunkenbuddha: fsa don't
(14:01 / Observers) BEAR_AND: well
(14:01 / Observers) BEAR_AND: friends
(14:02 / Observers) BEAR_AND: golems
(14:03 / Observers) TIMG4STRok: 3 trolls 2 low level dragons
(14:12 / Observers) Gobiner: golems sit at expos I thought
(14:14 / Observers) Gobiner: not fountains
(14:19 / Observers) Gobiner: or am I wrong
(14:20 / Observers) TIMG4STRok: "right click hero strat nice" prower, when i owned him
(14:22 / Observers) BEAR_AND: they're in mid
(14:29 / Observers) snarker: welp
(14:33 / Observers) BEAR_AND: w
(14:54 / Observers) TIMG4STRok: makea the rifle
(15:01 / Observers) BEAR_AND: i think Disney's Hercules covered that rhyme in 1998
(15:36 / Observers) TIMG4STRok: greed surr
(15:39 / Observers) BEAR_AND: nadman succeeds in getting More Stuck
(15:51 / Observers) BEAR_AND: pact
(16:01 / Observers) BEAR_AND: no he DID pact
(16:05 / Observers) BEAR_AND: right before bolt
(16:06 / Observers) snarker: G_G